 Dungeon Crawl Stone Soup version 0.25-a0-424-g80bd347ae0 (webtiles) character file.

Game seed: 9652526740035009199, levelgen mode: deterministic

72 MisterFreud the Cutter (level 4, -2/41 HPs)
             Began as a Gnoll Chaos Knight on Jan 21, 2020.
             Was a Plaything of Xom.
             Slain by an iguana (10 damage)
             ... on level 2 of the Dungeon.
             The game lasted 00:02:09 (1460 turns).

MisterFreud the Cutter (Gnoll Chaos Knight)         Turns: 1460, Time: 00:02:10

Health: -2/41      AC: 10    Str: 14    XL:     4   Next: 26%
Magic:  5/5        EV:  7    Int: 15    God:    Xom [*.....]
Gold:   104        SH:  0    Dex: 15    Spells: 5/5 levels left

rFire    . . .     SeeInvis .   a - +0 short sword (chaos)
rCold    . . .     Gourm    .   (no shield)
rNeg     . . .     Faith    .   n - +0 chain mail
rPois    .         Spirit   .   r - +0 helmet
rElec    .         Reflect  .   (no cloak)
rCorr    .         Harm     .   (no gloves)
MR       .....                  (no boots)
Stlth    ..........             (no amulet)
HPRegen  0.13/turn              (no ring)
MPRegen  0.09/turn              (no ring)

@: no status effects
A: distributed training, fangs 1, strong nose
a: Renounce Religion


You were on level 2 of the Dungeon.
You worshipped Xom.
You were a special plaything of Xom.
You were not hungry.

You visited 1 branch of the dungeon, and saw 2 of its levels.

You collected 104 gold pieces.

Inventory:

Hand Weapons
 a - a +0 short sword of chaos (weapon)
 u - a +2 whip of flaming
Missiles
 e - 79 stones (quivered)
 k - 41 sling bullets
 l - 47 arrows
 q - 25 bolts
Armour
 b - a +2 leather armour
 n - a +0 chain mail (worn)
 r - a +0 helmet (worn)
Jewellery
 s - a +3 amulet of reflection {unknown}
 v - a cursed ring of resist corrosion {unknown}
Scrolls
 d - a scroll of identify {unknown}
 g - 2 scrolls of fog {unknown}
 m - a scroll of noise {unknown}
Potions
 h - a potion of flight {unknown}
 i - a potion of cancellation {unknown}
 j - a potion of heal wounds {unknown}
 o - a potion of agility {unknown}
 p - a potion of lignification {unknown}
 t - a potion of magic {unknown}
Comestibles
 c - 6 rations
 f - 5 chunks of flesh


   Skills:
 + Level 6.6 Fighting
 + Level 6.6 Short Blades
 + Level 1.0 Long Blades
 + Level 1.0 Axes
 + Level 1.0 Maces & Flails
 + Level 1.0 Polearms
 + Level 1.0 Staves
 + Level 1.0 Slings
 + Level 1.0 Bows
 + Level 1.0 Crossbows
 + Level 1.0 Throwing
 + Level 4.6 Armour
 + Level 2.7 Dodging
 + Level 1.0 Stealth
 + Level 1.0 Shields
 + Level 1.0 Unarmed Combat
 + Level 1.0 Spellcasting
 + Level 0.8 Conjurations
 + Level 0.8 Hexes
 + Level 0.8 Charms
 + Level 0.8 Summonings
 + Level 0.8 Necromancy
 + Level 0.8 Translocations
 + Level 0.8 Transmutations
 + Level 0.8 Fire Magic
 + Level 0.8 Ice Magic
 + Level 0.8 Air Magic
 + Level 0.8 Earth Magic
 + Level 0.8 Poison Magic
 + Level 1.1 Invocations
 + Level 1.0 Evocations


You had 5 spell levels left.
You didn't know any spells.
Your spell library was empty.

Dungeon Overview and Level Annotations

Branches:
Dungeon (2/15)

Altars:


Innate Abilities, Weirdness & Mutations

Your experience applies equally to all skills.
You have very sharp teeth.
Your uncanny sense of smell can sniff out nearby items.


Message History

You see here a stone.
You see here a stone.
The hobgoblin throws a stone.
The stone barely misses you.
You see here a stone.
Your +2 whip of flaming stops flaming.
Your +0 short sword of chaos is briefly surrounded by a scintillating aura of random colours.
a - a +0 short sword of chaos (weapon)
Your chain mail prevents you from hitting the iguana.
The iguana bites you.
* * * LOW HITPOINT WARNING * * *
You barely miss the iguana. "Time to have some fun!"
The hobgoblin's +0 club dances into the air!
The iguana barely misses you.
Some of the chunks of flesh in your inventory have rotted away.
Something hits the hobgoblin!
The hobgoblin dies!
There is a stone staircase leading down here.
The iguana bites you!
You die...

#.# #.#.#..# #..# #.##.##.
#.###.#.#..# #..####.##.##.
#...#.#.#..# #.......##.##.
###.#.#.#..####.#.....##.##.
#.#.............#.##........
#.###.#.#########.##........
#.......#.. ...+.....###
#.####..#.##########.....###
#.# #..#.#@................
#.####.##.#l##########.#.###
#..............# #.#.#..
######.##(#.##.# #.#.#.#
#......##(#.##.# #####†#.#.#
#.#######.#+##.###...#.#.#..
#(.......'...'......
#....#.###...#.#.#..
######.(..#.# #...#.#.#.#


You could see an iguana and a friendly +0 club.

Vanquished Creatures
  2 adders (D:2)
  3 dart slugs (D:1)
  A worm (D:2)
  4 leopard geckos (D:1)
  2 bats (D:2)
  5 giant cockroaches
  3 goblins (D:1)
  4 hobgoblins
  A quokka (D:2)
  2 frilled lizards
  8 kobolds
  4 rats
39 creatures vanquished.

Vanquished Creatures (collateral kills)
  A hobgoblin (D:2)
1 creature vanquished.

Grand Total: 40 creatures vanquished

Notes
Turn   | Place    | Note
-------+----------+-------------------------------------------
     0 | D:1      | MisterFreud the Gnoll Chaos Knight began the quest for the
                  | Orb.
     0 | D:1      | Reached XP level 1. HP: 23/23 MP: 1/1
    34 | D:1      | XOM: silly message
   231 | D:1      | XOM: harmless Chrm miscast
   254 | D:1      | Reached XP level 2. HP: 29/29 MP: 2/2
   501 | D:1      | Reached XP level 3. HP: 35/35 MP: 3/3
  1003 | D:2      | Reached skill level 1 in Invocations
  1144 | D:2      | XOM: harmless Tmut miscast
  1149 | D:2      | Reached skill level 1 in Long Blades
  1149 | D:2      | Reached skill level 1 in Axes
  1149 | D:2      | Reached skill level 1 in Maces & Flails
  1149 | D:2      | Reached skill level 1 in Polearms
  1149 | D:2      | Reached skill level 1 in Staves
  1149 | D:2      | Reached skill level 1 in Slings
  1149 | D:2      | Reached skill level 1 in Bows
  1149 | D:2      | Reached skill level 1 in Crossbows
  1149 | D:2      | Reached skill level 1 in Throwing
  1149 | D:2      | Reached skill level 1 in Stealth
  1149 | D:2      | Reached skill level 1 in Shields
  1149 | D:2      | Reached skill level 1 in Unarmed Combat
  1149 | D:2      | Reached skill level 1 in Spellcasting
  1149 | D:2      | Reached skill level 1 in Evocations
  1149 | D:2      | Reached XP level 4. HP: 38/41 MP: 5/5
  1258 | D:2      | XOM: medium Necr miscast
  1377 | D:2      | XOM: medium Pois miscast
  1460 | D:2      | Slain by an iguana

Levels and vault maps discovered:
D:1:      mainiacjoe_arrival_reflecting_pool, layout_loops_corners
D:2:      layout_basic

Skill      XL: |  1  2  3 |
---------------+----------+-----
Invocations    | 1 |  1.1
Long Blades    | 1 |  1.0
Axes           | 1 |  1.0
Maces & Flails | 1 |  1.0
Polearms       | 1 |  1.0
Staves         | 1 |  1.0
Slings         | 1 |  1.0
Bows           | 1 |  1.0
Crossbows      | 1 |  1.0
Throwing       | 1 |  1.0
Stealth        | 1 |  1.0
Shields        | 1 |  1.0
Unarmed Combat | 1 |  1.0
Spellcasting   | 1 |  1.0
Evocations     | 1 |  1.0
Fighting       | |  6.6
Short Blades   | |  6.6
Armour         | |  4.6
Dodging        | |  2.7
Conjurations   | |  0.8
Hexes          | |  0.8
Charms         | |  0.8
Summonings     | |  0.8
Necromancy     | |  0.8
Translocations | |  0.8
Transmutations | |  0.8
Fire Magic     | |  0.8
Ice Magic      | |  0.8
Air Magic      | |  0.8
Earth Magic    | |  0.8
Poison Magic   | |  0.8

Action                   |  1- 3 |  4- 6 || total
-------------------------+-------+-------++-------
Melee: Short sword       |   121 |     9 ||   130
       Bite              |    17 |     3 ||    20
       Whip              |       |    12 ||    12
 Stab: Paralysed         |     1 |       ||     1
  Eat: Chunk             |     1 |     1 ||     2
Armor: Leather armour    |     8 |       ||     8
       Chain mail        |    14 |    15 ||    29
Dodge: Dodged            |    51 |    11 ||    62

Table legend:
 A = Non-vault XP
 B = Vault XP
 C = Vault XP percentage of total XP
 D = Non-vault monster count
 E = Vault monster count
 F = Vault count percentage of total count
                 A         B        C        D         E       F
            +---------+---------+-------+---------+---------+-------
      Total |     104 |       0 |   0.0 |      40 |       0 |   0.0
            +---------+---------+-------+---------+---------+-------
        D:1 |      50 |       0 |   0.0 |      23 |       0 |   0.0
        D:2 |      54 |       0 |   0.0 |      17 |       0 |   0.0
            +---------+---------+-------+---------+---------+-------
